 Dungeon Crawl Stone Soup version 0.26-a0-520-g952f204493 (webtiles) character file.

Game seed: 4525003186642543909

2814 KristoblXynda the Ducker (level 9, -4/68 HPs)
             Began as a Vampire Gladiator on Aug 12, 2020.
             Was a Follower of Ashenzari.
             Killed from afar by Harold (16 damage)
             ... with a harpoon shot
             ... on level 8 of the Dungeon.
             The game lasted 00:14:15 (7878 turns).

KristoblXynda the Ducker (Vampire Gladiator)        Turns: 7878, Time: 00:14:16

Health: -4/68      AC: 14    Str: 21    XL:     9   Next: 44%
Magic:  9/9        EV: 16    Int: 11    God:    Ashenzari [*.....]
Gold:   521        SH:  0    Dex: 16    Spells: 4/8 levels left

rFire    . . .     SeeInvis +   p - +3 dagger (venom)
rCold    . . .     Faith    .   (no shield)
rNeg     . . .     Spirit   .   L - +0 ring mail
rPois    .         Reflect  .   o - +2 helmet (curse)
rElec    .         Harm     .   n - +0 cloak
rCorr    +                      u - +0 pair of gloves
MR       .....                  m - +1 pair of boots
Stlth    +++.......             (no amulet)
HPRegen  0.41/turn              f - ring of resist corrosion
MPRegen  0.11/turn              F - +6 ring of strength

@: regenerating quickly
A: fangs 3, see invisible, unbreathing
a: Exsanguinate, Curse Item, Scrying, Renounce Religion


You were on level 8 of the Dungeon.
You worshipped Ashenzari.
Ashenzari was aware of your devotion.
You visited 2 branches of the dungeon, and saw 9 of its levels.
You also visited: Ossuary.

You collected 521 gold pieces.

Inventory:

Hand Weapons
 a - a +0 long sword of draining
 p - a +3 dagger of venom (weapon)
Missiles
 d - 2 throwing nets (quivered)
Armour
 l - a +0 buckler
 m - a +1 pair of boots (worn)
 n - a +0 cloak (worn)
 o - a cursed +2 helmet (worn)
 u - a +0 pair of gloves (worn)
 L - a +0 ring mail (worn)
Jewellery
 f - a ring of resist corrosion (left hand)
 F - a +6 ring of strength (right hand)
 H - a +6 ring of intelligence
 K - an uncursed ring of flight
Wands
 i - a wand of disintegration (17)
Scrolls
 e - 3 scrolls of remove curse
 k - 4 scrolls of teleportation
 r - 2 scrolls of fear
 s - 2 scrolls of enchant weapon
 y - a scroll of fog
 A - 2 scrolls of enchant armour
Potions
 b - a potion of lignification
 c - a potion of ambrosia {unknown}
 g - 2 potions of heal wounds
 h - 6 potions of haste
 j - a potion of curing
 q - a potion of resistance {unknown}
 t - 2 potions of brilliance
 v - 2 potions of cancellation
 x - 2 potions of mutation {unknown}
 z - a potion of stabbing {unknown}
 B - a potion of invisibility {unknown}
 C - 2 potions of magic {unknown}


   Skills:
 - Level 5.1 Fighting
 + Level 7.2 Long Blades
 - Level 2.0 Throwing
 + Level 5.1 Armour
 + Level 7.9 Dodging
 + Level 5.7 Stealth


You had 4 spell levels left.
You knew the following spells:

 Your Spells              Type           Power        Failure   Level
a - Petrify               Tmut/Erth      #.......     99%         4

Your spell library contained the following spells:

 Spells                   Type           Power        Failure   Level
 Animate Skeleton         Necr           #.....       50%         1
 Apportation              Tloc           #.....       50%         1
 Corona                   Hex            #......      50%         1
 Pain                     Necr           #...         50%         1
 Sting                    Tmut/Pois      #...         50%         1
 Summon Small Mammal      Summ           #...         50%         1
 Poisonous Vapours        Pois/Air       #.....       63%         2
 Confusing Touch          Hex            #.......     86%         3
 Gell's Gravitas          Tloc           #.........   86%         3
 Ignite Poison            Fire/Tmut/Pois #.......     86%         3
 Mephitic Cloud           Conj/Pois/Air  #.......     86%         3
 Vampiric Draining        Necr           #.........   86%         3
 Animate Dead             Necr           #.........   99%         4
 Olgreb's Toxic Radiance  Pois           #.......     99%         4
 Agony                    Necr           #.......     100%        5
 Metabolic Englaciation   Hex/Ice        #.........   100%        5
 Yara's Violent Unravell  Hex/Tmut       #.........   100%        5


Dungeon Overview and Level Annotations

Branches:
Dungeon (8/15)             Temple (1/1) D:6         Ossuary (visited)
   Lair: D:8-11

Altars:
Ashenzari
Cheibriados
Dithmenos
Elyvilon
Fedhas
Gozag
Hepliaklqana
Kikubaaqudgha
Makhleb
Nemelex Xobeh
Okawaru
Qazlal
Ru
Sif Muna
Trog
Uskayaw
Vehumet
Xom
Yredelemnul
Zin

Annotations:
D:8 Harold


Innate Abilities, Weirdness & Mutations

Your natural rate of healing is unusually fast.
You have razor-sharp teeth.
You have supernaturally acute eyesight. (SInv)
You can survive without breathing.


Message History

You hit Harold but do no damage.
Harold is almost dead.
The water moccasin skeleton barely misses you.
You closely miss the water moccasin skeleton.
The water moccasin skeleton is lightly damaged.
Harold hits you with a +0 war axe.
The water moccasin skeleton closely misses you.
You barely miss the water moccasin skeleton.
The water moccasin skeleton is lightly damaged.
The water moccasin skeleton bites you but does no damage.
Harold hits you with a +0 war axe!!
* * * LOW HITPOINT WARNING * * *
You hit Harold but do no damage.
Harold looks as sick as possible!
You bite Harold.
Harold is almost dead.
The water moccasin skeleton barely misses you.
Unknown command.
Harold fires a harpoon shot at you. The harpoon shot hits you!
You die...

###################
.........@.........
...(.....Z.......<#
########@#########.#
....................
####...#..########.#####
#...##.##...........#
#(.. #.##.#####.###.#
#... #.##.#.......# #...
#.##.#.###..## #...
#..#.# #.<..# #...
##.#.#.##.).#


You could see Harold (extremely poisoned) and a water moccasin skeleton.

Vanquished Creatures
  Maggie (D:8)
  Grinder (D:4)
  2 orc warriors
  A sky beast (D:5)
  A necrophage (D:5)
  5 ogres
  A big kobold (D:8)
  A bullfrog (D:8)
  3 killer bees (D:7)
  A troll zombie (Ossuary)
  An electric eel (D:7)
  A howler monkey (D:6)
  A centaur zombie (Ossuary)
  4 bullfrog skeletons
  Crazy Yiuf (D:4)
  2 bullfrog zombies
  An orc priest (D:7)
  4 iguanas
  4 jellies
  4 orc wizards
  3 worker ants (D:5)
  3 ogre zombies (Ossuary)
  A hound skeleton (D:4)
  7 mummies (Ossuary)
  Robin (D:2)
  4 gnolls (D:6)
  4 adders
  8 oozes (D:4)
  2 adder zombies (Ossuary)
  An adder skeleton (D:6)
  3 worms
  2 dart slugs (D:4)
  3 leopard geckos
  29 orcs
  4 giant cockroaches
  10 hobgoblins
  12 jackals
  5 quokkas
  10 bats
  5 frilled lizards
  13 goblins
  7 goblin zombies (Ossuary)
  5 hobgoblin zombies (Ossuary)
  20 kobolds
  2 kobold zombies (Ossuary)
  2 leopard gecko skeletons
  An orc zombie (Ossuary)
  4 quokka zombies (Ossuary)
  7 rats
  4 rat zombies (Ossuary)
222 creatures vanquished.

Vanquished Creatures (others)
  A kobold (D:2)
  8 toadstools (D:4)
9 creatures vanquished.

Grand Total: 231 creatures vanquished

Notes
Turn   | Place    | Note
-------+----------+-------------------------------------------
     0 | D:1      | KristoblXynda the Vampire Gladiator began the quest for the
                  | Orb.
     0 | D:1      | Reached XP level 1. HP: 16/16 MP: 1/1
   411 | D:1      | Reached XP level 2. HP: 22/22 MP: 2/2
  1053 | D:2      | Found a radiant altar of Vehumet.
  1069 | D:2      | Reached XP level 3. HP: 27/27 MP: 3/3
  1070 | D:2      | Noticed Robin
  1268 | D:2      | Killed Robin
  1651 | D:2      | Reached XP level 4. HP: 34/34 MP: 4/4
  2039 | D:3      | Found a blossoming altar of Fedhas.
  2303 | D:3      | Reached skill level 1 in Armour
  2487 | D:3      | Found a glowing silver altar of Zin.
  2487 | D:3      | Found a burning altar of Makhleb.
  2487 | D:3      | Found a hide-covered altar of Uskayaw.
  2487 | D:3      | Found a basalt altar of Yredelemnul.
  2506 | D:3      | Found a sacrificial altar of Ru.
  2506 | D:3      | Found a sparkling altar of Nemelex Xobeh.
  2704 | D:4      | Reached XP level 5. HP: 27/40 MP: 5/5
  2912 | D:4      | Noticed an ogre
  2936 | D:4      | Killed an ogre
  3114 | D:4      | Noticed Grinder
  3128 | D:4      | Paralysed by Grinder for 6 turns
  3144 | D:4      | Paralysed by Grinder for 7 turns
  3155 | D:4      | Paralysed by Grinder for 7 turns
  3164 | D:4      | Paralysed by Grinder for 5 turns
  3182 | D:4      | HP: 2/41 [Grinder/nerve-wracking pain (12)]
  3183 | D:4      | Killed Grinder
  3183 | D:4      | Reached skill level 5 in Dodging
  3183 | D:4      | Reached XP level 6. HP: 2/47 MP: 6/6
  3562 | D:4      | Reached XP level 7. HP: 25/53 MP: 7/7
  4118 | D:4      | Reached skill level 5 in Long Blades
  4262 | D:4      | Found a runed translucent door.
  4263 | D:4      | Noticed Crazy Yiuf
  4273 | D:4      | Killed Crazy Yiuf
  4311 | D:5      | Entered Level 5 of the Dungeon
  4374 | D:5      | Found a sand-covered staircase.
  4394 | Ossuary  | Entered an ossuary
  4870 | Ossuary  | Reached XP level 8. HP: 37/61 MP: 8/8
  5342 | D:5      | Found a shadowy altar of Dithmenos.
  5476 | D:5      | Reached skill level 5 in Fighting
  5815 | D:6      | Found a staircase to the Ecumenical Temple.
  5826 | Temple   | Entered the Ecumenical Temple
  5852 | Temple   | Became a worshipper of Ashenzari the Shackled
  6088 | D:6      | Found an ancient bone altar of Kikubaaqudgha.
  6143 | D:6      | Reached skill level 1 in Stealth
  6388 | D:6      | Learned a level 4 spell: Petrify
  7118 | D:7      | Reached XP level 9. HP: 25/68 MP: 9/9
  7570 | D:8      | Noticed Maggie
  7607 | D:8      | Killed Maggie
  7607 | D:8      | Reached skill level 5 in Stealth
  7728 | D:8      | Reached skill level 5 in Armour
  7855 | D:8      | Reached * piety under Ashenzari
  7856 | D:8      | Noticed Harold
  7878 | D:8      | Killed from afar by Harold

Illustrated notes

Levels and vault maps discovered:
D:1:      dpeg_arrival_short_road, layout_basic
D:2:      layout_loops_ring, fiery_altar_vehumet, uniq_robin
D:3:      layout_loops_ring, minmay_overflow_temple_hex, marbit_many_paths
D:4:      cheibrodos_fertilizer, layout_loops_ring, uniq_grinder,
          uniq_crazy_yiuf_cottage
D:5:      layout_cave_pools, nicolae_ossuary_entry_false_entrances, basic_altar,
          serial_bayou, serial_bayou_shore_a, serial_bayou_pond_a,
          serial_bayou_ford_a, serial_bayou_pond_d
D:6:      layout_cave_pods, minmay_temple_entry_wispy, basic_altar
D:7:      layout_cave_pods, kennysheep_boxes
D:8:      layout_basic, lemuel_coloured_pillars_altar, gammafunk_ghost_cemetery,
          uniq_harold, uniq_maggie
Temple:   minmay_temple_bridge_abc

Skill      XL: |  1  2  3  4  5  6  7  8  9 |
---------------+----------------------------+-----
Fighting       | 2 3 4 5 |  5.1
Throwing       | 2 |  2.0
Dodging        | 4 5 6 7 |  7.9
Armour         | 1 2 3 4 5 |  5.1
Long Blades    | 4 5 6 7 |  7.2
Stealth        | 3 5 |  5.7

Action                   |  1- 3 |  4- 6 |  7- 9 || total
-------------------------+-------+-------+-------++-------
Melee: Long sword        |    97 |    42 |   188 ||   327
       Bite              |    17 |    14 |   105 ||   136
       Falchion          |    15 |       |       ||    15
       Dagger            |     4 |    95 |   423 ||   522
Throw: Throwing net      |       |     1 |       ||     1
Invok: Curse Item        |       |       |     1 ||     1
Evoke: Wand              |       |       |     3 ||     3
  Use: Scroll            |       |     3 |    17 ||    20
       Potion            |       |     3 |     3 ||     6
 Stab: Sleeping          |     1 |     2 |     4 ||     7
       Held in net/web   |       |     1 |       ||     1
Armor: Leather armour    |    28 |    31 |   110 ||   169
       Skin              |       |    25 |       ||    25
       Ring mail         |       |       |    36 ||    36
Dodge: Dodged            |    99 |   100 |   452 ||   651
       Rpst.: Long sword |    28 |     6 |    28 ||    62
       Falchion          |     3 |       |       ||     3

Table legend: (Time is in decaauts)
 A = Elapsed time spent in this place.
 B = Non-inter-level travel time spent in this place.
 C = Inter-level travel time spent in this place.
 D = Time resting spent in this place.
 E = Time spent auto-exploring this place.
 F = Levels seen in this place.
 G = Mean time per level.
                   A        B        C        D        E       F      G
               +--------+--------+--------+--------+--------+-----+--------+
         Total |   7839 |   7604 |    235 |   1583 |   3834 |  10 |  783.9 |
       Dungeon |   6769 |   6556 |    213 |   1319 |   3494 |   8 |  846.1 |
        Temple |    206 |    184 |     22 |      0 |    151 |   1 |  206.0 |
       Ossuary |    863 |    863 |      0 |    264 |    189 |   1 |  863.0 |
               +--------+--------+--------+--------+--------+-----+--------+

Top non-repeatable levels by time:
     D:4: 1644 daAuts
     D:1: 1036 daAuts
     D:2: 888 daAuts
 Ossuary: 863 daAuts
     D:7: 833 daAuts
     D:3: 758 daAuts
     D:5: 665 daAuts
     D:6: 640 daAuts
     D:8: 301 daAuts
  Temple: 206 daAuts
